 Dungeon Crawl Stone Soup version 0.26.1-11-gd32895ea62 (webtiles) character file.

Game seed: 14547300890937516208

71 Cheops the Sneak (level 4, -13/25 HPs)
             Began as a Kobold Earth Elementalist on July 12, 2021.
             Mangled by an ogre
             ... wielding a +0 giant spiked club
              (33 damage)
             ... on level 2 of the Dungeon.
             The game lasted 00:04:21 (1712 turns).

Cheops the Sneak (Kobold Earth Elementalist)        Turns: 1712, Time: 00:04:21

Health: -13/25     AC:  2    Str:  6    XL:     4   Next: 47%
Magic:  4/8        EV: 15    Int: 16    God:
Gold:   31         SH:  0    Dex: 15    Spells: 3/9 levels left

rFire    . . .     SeeInvis .   a - +0 dagger
rCold    . . .     Faith    .   (shield restricted)
rNeg     . . .     Spirit   .   A - +0 robe
rPois    .         Reflect  .   (no helmet)
rElec    .         Harm     .   (no cloak)
rCorr    .         Rampage  .   (no gloves)
Will     .....                  (no boots)
Stlth    ++++......             (no amulet)
HPRegen  0.08/turn              (no ring)
MPRegen  0.11/turn              (no ring)

@: no status effects
A: small, nightstalker 3
a: no special abilities


You were on level 2 of the Dungeon.
You visited 1 branch of the dungeon, and saw 2 of its levels.

You collected 31 gold pieces.

Inventory:

Hand Weapons
 a - a +0 dagger (weapon)
Missiles
 z - 34 stones
Armour
 A - a +0 robe (worn)
Wands
 g - a wand of disintegration (8)
Scrolls
 b - a scroll of amnesia {unknown}
 d - a scroll of remove curse {unknown}
 f - 2 scrolls of teleportation {unknown}
 h - a scroll of enchant weapon {unknown}
 i - a scroll of identify {unknown}
 j - a scroll of fear {unknown}
 k - a scroll of blinking {unknown}
Potions
 c - a potion of ambrosia {unknown}
 e - 2 potions of curing {unknown}
 l - a potion of attraction {unknown}


   Skills:
 - Level 1.0 Fighting
 - Level 2.0 Short Blades
 - Level 2.4 Dodging
 + Level 4.6 Stealth
 - Level 3.0 Spellcasting
 - Level 1.0 Transmutations
 - Level 3.0 Earth Magic


You had 3 spell levels left.
You knew the following spells:

 Your Spells              Type           Power        Failure   Level
a - Sandblast             Erth           24%          5%          1
b - Stone Arrow           Conj/Erth      14%          30%         3
P - Passwall              Tmut/Erth      6%           12%         2

Your spell library contained the following spells:

 Spells                   Type           Power        Failure   Level
 Petrify                  Tmut/Erth      8%           63%         4
 Lee's Rapid Deconstruct  Erth           6%           83%         5


Dungeon Overview and Level Annotations

Branches:
Dungeon (2/15)

Altars:


Innate Abilities, Weirdness & Mutations

You are small and have problems with some larger weapons.
You are completely attuned to the shadows.


Message History

z - 36 stones
Casting: Sandblast (safe; 5% risk of failure)
Confirm with . or Enter, or press ? or * to list all spells.
Aiming: Sandblast (safe; 5% risk of failure)
Press: ? - help, Shift-Dir - straight line, f/p - ogre
Aim: an ogre, wielding a +0 giant spiked club (lightly wounded, 10% to evade)
The blast of sand hits the ogre.
The ogre is moderately wounded.
z - 35 stones
Casting: Sandblast (safe; 5% risk of failure)
Confirm with . or Enter, or press ? or * to list all spells.
Aiming: Sandblast (safe; 5% risk of failure)
Press: ? - help, Shift-Dir - straight line, f/p - ogre
Aim: an ogre, wielding a +0 giant spiked club (moderately wounded, 10% to evade)
The blast of sand hits the ogre.
The ogre is heavily wounded.
z - 34 stones The ogre hits you with a +0 giant spiked club!!
Ouch! That really hurt!
You die...

#.. .###.####
........≈
........).....♣
...........## ♣l≈≈
>....>.....# ≈P≈≈ .
#.........#♣≈≈≈≈
#..##....##..#≈P≈≈≈
...[......O@.♣≈≈≈≈≈
###.##.#####.♣†≈≈≈≈≈
##............♣≈≈≈≈≈≈
........######♣≈≈≈≈≈♣
.###.#### ♣PP≈≈≈≈ #.#
≈≈≈≈≈≈ #.# #.# #.#


You could see an ogre.

Vanquished Creatures
  3 adders (D:2)
  A gnoll (D:1)
  A worm (D:2)
  A dart slug (D:2)
  2 giant cockroaches (D:1)
  2 goblins (D:1)
  3 hobgoblins
  4 kobolds (D:1)
  A quokka (D:2)
  A ball python (D:1)
  2 bats (D:1)
  4 frilled lizards
  8 rats
33 creatures vanquished.

Vanquished Creatures (others)
  8 plants (D:2)
8 creatures vanquished.

Grand Total: 41 creatures vanquished

Notes
Turn   | Place    | Note
-------+----------+-------------------------------------------
     0 | D:1      | Cheops the Kobold Earth Elementalist began the quest for
                  | the Orb.
     0 | D:1      | Reached XP level 1. HP: 10/10 MP: 3/3
   485 | D:1      | Reached XP level 2. HP: 9/15 MP: 5/5
  1139 | D:1      | Reached skill level 1 in Short Blades
  1176 | D:1      | Reached skill level 1 in Fighting
  1176 | D:1      | Reached XP level 3. HP: 17/20 MP: 5/7
  1241 | D:1      | Learned a level 3 spell: Stone Arrow
  1244 | D:1      | Learned a level 2 spell: Passwall
  1308 | D:2      | Reached skill level 3 in Stealth
  1610 | D:2      | Reached XP level 4. HP: 25/25 MP: 8/8
  1647 | D:2      | Reached skill level 4 in Stealth
  1708 | D:2      | Noticed an ogre
  1712 | D:2      | Mangled by an ogre

Illustrated notes

Levels and vault maps discovered:
D:1:      minmay_arrival_widening_spiral_narrow, layout_basic
D:2:      layout_loops_ring, tgw_trog, serial_bayou_ford_a,
          nemelex_lonely_heart_becter

Skill      XL: |  1  2  3  4 |
---------------+-------------+-----
Spellcasting   | 3 |  3.0
Short Blades   | 2 |  2.0
Fighting       | 1 |  1.0
Stealth        | 3 4 |  4.6
Dodging        | |  2.4
Transmutations | |  1.0
Earth Magic    | |  3.0

Action                   |  1- 3 |  4- 6 || total
-------------------------+-------+-------++-------
Melee: Short sword       |    42 |       ||    42
       Unarmed           |     5 |       ||     5
       Dagger            |    30 |    26 ||    56
 Cast: Sandblast         |    12 |    11 ||    23
 Stab: Sleeping          |    12 |       ||    12
Armor: Robe              |    13 |     1 ||    14
Dodge: Dodged            |    59 |    19 ||    78
